 Dungeon Crawl Stone Soup version 0.29.0-5-ge4962eb29e (webtiles) character file.

Game seed: 12472933567607008146

552518 SnakkuSnakku7 the Formicid Barricade (level 27, -6/235 HPs)
             Began as a Formicid Cinder Acolyte on Aug 29, 2022.
             Was a High Priest of Ignis.
             Killed from afar by an ancient lich (95 damage)
             ... with a crystal spear
             ... on level 5 of the Vaults.
             The game lasted 01:54:59 (68273 turns).

SnakkuSnakku7 the Formicid Barricade (FoCA)        Turns: 68273, Time: 01:55:00

Health: -6/235     AC: 46    Str: 31    XL:     27
Magic:  33/33      EV: 12    Int: 18    God:    Ignis [*****.]
Gold:   5113       SH: 26    Dex: 14    Spells: 28/28 levels left

rFire   + + .      SeeInvis +   a - +5 lochaber axe {reach-cleave, poleaxe}
rCold   + + .      Faith    .   M - +1 tower shield {rPois}
rNeg    . . .      Spirit   .   C - +11 crystal plate armour of Hizut {rElec}
rPois   +          Reflect  .   (helmet unavailable)
rElec   +          Harm     .   R - +0 cloak
rCorr   +          Rampage  .   j - +0 pair of fencer's gloves {Riposte Dex+3}
Will    ++...                   x - +2 pair of boots "Taweeb" {rF+ rC+ MP+9}
Stlth   ..........              s - amulet of regeneration
HPRegen 1.29/turn               z - ring "Vionatie" {rC+ rCorr Str+4 Slay+3}
MPRegen 0.23/turn               B - +4 ring of protection

@: corroded
A: permanent stasis, dig shafts and tunnels, antennae 3, four strong arms,
screaming 1, shaggy fur 1
}: 3/15 runes: decaying, serpentine, slimy
a: Dig, Shaft Self, Renounce Religion, Fiery Armour, Foxfire Swarm


You were on level 5 of the Vaults.
You worshipped Ignis.
Ignis was extremely pleased with you.
You visited 10 branches of the dungeon, and saw 50 of its levels.
You visited the Abyss 2 times.
You visited 1 bazaar.
You also visited: Bailey, Ice Cave and Desolation.

You collected 9093 gold pieces.
You spent 3980 gold pieces at shops.

Inventory:

Hand Weapons
 a - the +5 lochaber axe (weapon) {reach-cleave, poleaxe}
   (You took it off a deep elf demonologist on level 3 of the Elven Halls)

   It can be evoked to extend its reach, and strikes at all foes within reach,
   dealing less damage to those not targeted.
   It uses either Axes or Polearms skill, whichever is higher.
 d - a +3 vorpal battleaxe
 f - a +9 battleaxe of electrocution
 t - a +6 demon blade of flaming
Missiles
 w - 5 throwing nets
 A - 7 silver javelins
 D - 62 boomerangs (quivered)
 E - 11 curare-tipped darts
Armour
 h - a scarf of shadows
 j - the +0 pair of fencer's gloves (worn) {Riposte Dex+3}
   (You bought it in a shop in a bazaar)

   It allows the wearer to riposte with melee weapons, swiftly retaliating
   against missed or blocked melee attacks.
   Dex:       It affects your dexterity (+3).
 x - the +2 pair of boots "Taweeb" (worn) {rF+ rC+ MP+9}
   (You found it on level 1 of the Elven Halls)

   rF:        It protects you from fire.
   rC:        It protects you from cold.
   MP:        It affects your magic capacity (+9).
 C - the +11 crystal plate armour of Hizut (worn) {rElec}
   (You found it on level 5 of the Pits of Slime)

   rElec:     It insulates you from electricity.
 M - a +1 tower shield of poison resistance (worn)
 R - a +0 cloak (worn)
 U - +8 gold dragon scales
Jewellery
 b - the ring "Bepufyen" {rPois rC+}
   (You took it off a deep elf demonologist on level 3 of the Elven Halls)

   [ring of protection from cold]

   rC:        It protects you from cold.
   rPois:     It protects you from poison.
 l - the amulet of the Air {Inacc Air Fly rElec RMsl}
   (You bought it in a shop on level 2 of the Snake Pit)

   [amulet of nothing]

   It reduces the accuracy of all your attacks.
   It enhances your air magic.
   rElec:     It insulates you from electricity.
   Fly:       It grants you flight.
   RMsl:      It protects you from missiles.
 o - the ring of Zasuri {rElec rPois Will+ Int+6}
   (You took it off a servant of whispers in the Desolation of Salt)

   [ring of willpower]

   Int:       It affects your intelligence (+6).
   rElec:     It insulates you from electricity.
   rPois:     It protects you from poison.
   Will:      It increases your willpower.
 s - an amulet of regeneration (around neck)
 v - a ring of protection from cold
 z - the ring "Vionatie" (left hand) {rC+ rCorr Str+4 Slay+3}
   (You found it on level 3 of the Vaults)

   [ring of resist corrosion]

   Str:       It affects your strength (+4).
   Slay:      It affects your accuracy & damage with ranged weapons and melee
   (+3).
   rC:        It protects you from cold.
   rCorr:     It protects you from acid and corrosion.
 B - a +4 ring of protection (right hand)
Wands
 y - a wand of flame (71)
 F - a wand of iceblast (43)
 G - a wand of charming (42)
 J - a wand of polymorph (23)
 O - a wand of quicksilver (33)
 S - a wand of mindburst (10)
 X - a wand of digging (12)
Scrolls
 k - 4 scrolls of silence
 q - 7 scrolls of poison
 N - 5 scrolls of magic mapping
 Q - 6 scrolls of butterflies
 Y - 7 scrolls of fear
Potions
 c - 4 potions of ambrosia
 g - 7 potions of cancellation
 i - 32 potions of curing
 m - 11 potions of mutation
 n - 9 potions of brilliance
 r - 6 potions of heal wounds
 I - 2 potions of magic
 K - 3 potions of resistance
 L - 14 potions of attraction
 V - 4 potions of invisibility
 W - 8 potions of might
Miscellaneous
 e - a lightning rod (4/4)
 p - a phial of floods
 u - a phantom mirror
 H - a tin of tremorstones (2/2)
 P - a condenser vane


   Skills:
 - Level 23.0 Fighting
 + Level 24.7 Axes
 - Level 6.0 Throwing
 - Level 20.0 Armour
 - Level 12.0 Dodging
 O Level 27 Shields
 - Level 1.1 Spellcasting
 - Level 3.0 Fire Magic
 - Level 15.0 Evocations


You had 28 spell levels left.
You didn't know any spells.
Your spell library contained the following spells:

 Spells                   Type           Power      Damage    Failure   Level
 Scorch                   Fire           22%        2d6       63%         2
 Apportation              Tloc           0%         N/A       88%         1
 Beastly Appendage        Tmut           0%         N/A       88%         1
 Freeze                   Ice            0%         1d3       88%         1
 Magic Dart               Conj           0%         1d3       88%         1
 Necrotise                Necr           0%         1d4       88%         1
 Shock                    Conj/Air       0%         1d3       88%         1
 Slow                     Hex            0%         N/A       88%         1
 Sting                    Tmut/Pois      0%         1d3       88%         1
 Summon Small Mammal      Summ           0%         N/A       88%         1
 Call Imp                 Summ           0%         N/A       95%         2
 Ensorcelled Hibernation  Hex/Ice        0%         N/A       95%         2
 Passwall                 Tmut/Erth      0%         N/A       95%         2
 Poisonous Vapours        Pois/Air       0%         N/A       95%         2
 Searing Ray              Conj           0%         2d4       95%         2
 Static Discharge         Conj/Air       0%         3-3/arc   95%         2
 Sublimation of Blood     Necr           0%         N/A       95%         2
 Wereblood                Tmut           0%         N/A       95%         2
 Conjure Flame            Conj/Fire      6%         6-21      96%         3
 Inner Flame              Hex/Fire       6%         N/A       96%         3
 Ignite Poison            Fire/Tmut/Pois 4%         N/A       98%         3
 Call Canine Familiar     Summ           0%         N/A       99%         3
 Confusing Touch          Hex            0%         N/A       99%         3
 Dazzling Flash           Conj/Hex       0%         N/A       99%         3
 Mephitic Cloud           Conj/Pois/Air  0%         N/A       99%         3
 Ozocubu's Armour         Ice            0%         N/A       99%         3
 Portal Projectile        Hex/Tloc       0%         N/A       99%         3
 Spider Form              Tmut/Pois      0%         N/A       99%         3
 Stone Arrow              Conj/Erth      0%         3d7       99%         3
 Tukima's Dance           Hex            0%         N/A       99%         3
 Vampiric Draining        Necr           0%         2d6       99%         3
 Airstrike                Air            0%         2d(0-16)  100%        4
 Anguish                  Hex/Necr       0%         N/A       100%        4
 Animate Armour           Summ/Erth      0%         N/A       100%        4
 Animate Dead             Necr           0%         N/A       100%        4
 Cause Fear               Hex            0%         N/A       100%        4
 Corpse Rot               Necr/Pois/Air  0%         N/A       100%        4
 Dispel Undead            Necr           0%         3d6       100%        4
 Flame Wave               Conj/Fire      6%         2d5       100%        4
 Fulminant Prism          Conj/Hex       0%         3d6       100%        4
 Hailstorm                Conj/Ice       0%         3d3       100%        4
 Iskenderun's Mystic Bla  Conj/Tloc      0%         2d3       100%        4
 Leda's Liquefaction      Hex/Erth       0%         N/A       100%        4
 Olgreb's Toxic Radiance  Pois           0%         N/A       100%        4
 Passage of Golubria      Tloc           0%         N/A       100%        4
 Sticky Flame             Conj/Fire      6%         2d3       100%        4
 Agony                    Necr           0%         N/A       100%        5
 Alistair's Intoxication  Tmut/Pois      0%         N/A       100%        5
 Borgnjor's Vile Clutch   Necr/Erth      0%         N/A       100%        5
 Fireball                 Conj/Fire      3%         3d4       100%        5
 Freezing Cloud           Conj/Ice/Air   0%         6-21      100%        5
 Irradiate                Conj/Tmut      0%         3d11      100%        5
 Iskenderun's Battlesphe  Conj           0%         2d6       100%        5
 Lee's Rapid Deconstruct  Erth           0%         3d5*      100%        5
 Lightning Bolt           Conj/Air       0%         1d11      100%        5
 Manifold Assault         Tloc           0%         N/A       100%        5
 Metabolic Englaciation   Hex/Ice        0%         N/A       100%        5
 Silence                  Hex/Air        0%         N/A       100%        5
 Yara's Violent Unravell  Hex/Tmut       0%         3d3       100%        5
 Conjure Ball Lightning   Conj/Air       0%         3x3d6     100%        6
 Death Channel            Necr           0%         N/A       100%        6
 Eringya's Noxious Bog    Tmut/Pois      0%         N/A       100%        6
 Iron Shot                Conj/Erth      0%         9d1       100%        6
 Simulacrum               Ice/Necr       0%         N/A       100%        6
 Starburst                Conj/Fire      3%         6d3       100%        6
 Statue Form              Tmut/Erth      0%         N/A       100%        6
 Summon Cactus Giant      Summ           0%         N/A       100%        6
 Orb of Destruction       Conj           0%         9d5       100%        7
 Spellforged Servitor     Conj/Summ      0%         N/A       100%        7
 Storm Form               Tmut/Air       0%         N/A       100%        7
 Summon Hydra             Summ           0%         N/A       100%        7
 Borgnjor's Revivificati  Necr           0%         N/A       100%        8
 Discord                  Hex            0%         N/A       100%        8
 Disjunction              Tloc           0%         N/A       100%        8
 Ignition                 Fire           5%         3d4       100%        8
 Infestation              Necr           0%         N/A       100%        8
 Lehudib's Crystal Spear  Conj/Erth      0%         10d2      100%        8
 Maxwell's Capacitive Co  Air            0%         ∞         100%        8
 Fire Storm               Conj/Fire      3%         8d1       100%        9
 Blink                    Tloc           Unusable   N/A       N/A         2
 Swiftness                Air            Unusable   N/A       N/A         3

Dungeon Overview and Level Annotations

Branches:
Dungeon (15/15)            Temple (0/1) D:4            Lair (5/5) D:11
  Swamp (4/4) Lair:3        Snake (4/4) Lair:3        Slime (5/5) Lair:5
    Orc (2/2) D:10            Elf (3/3) Orc:2        Vaults (5/5) D:14
  Crypt (3/3) Vaults:3       Tomb (0/3) Crypt:3      Depths (4/4) D:15
 Bailey (visited)           IceCv (visited)         Desolation (visited)
    Zot: Depths:4

Altars:
Dithmenos
Elyvilon
Gozag
Hepliaklqana
Kikubaaqudgha
Okawaru
Qazlal
Xom
Yredelemnul
Jiyva

Shops:
Orc:2 **[(   Elf:3 [   Snake:1 [   Snake:2 ==:   Vaults:1 (   Vaults:3 :
Vaults:4 :   Depths:1 (!([*   Depths:4 *?=

Portals:
Hell: Depths:1 Depths:2 Depths:3 Depths:4
Abyss: Depths:1 Depths:3 Depths:4
Pandemonium: Depths:1 Depths:2
Ziggurat: Depths:1
Trove: Vaults:3 (give +7 demon blade)

Annotations:
D:14 Roxanne
Lair:2 exclusion: oklob plant
Elf:2 5 runed translucent doors
Elf:3 1 exclusion
Depths:4 exclusion: door


Innate Abilities, Weirdness & Mutations

You cannot be hasted, slowed, berserked, paralysed or teleported.
You can dig through walls and to a lower floor.
You have a pair of large antennae on your head. (SInv)
Your four strong arms can wield two-handed weapons with a shield.
You occasionally shout uncontrollably at your foes.
You are covered in fur. (AC +1)


Message History

You block the titan's attack.
The ancient lich touches you but does no damage.
The yaktaur captain hits you but does no damage.
You hear a horrible gurgling sound! x2
Unknown command.
Unknown command.
You swap places.
The tengu reaver gestures at you while chanting.
The bolt of cold hits you but does no damage.
The bolt of cold hits your butterfly!!
Your butterfly dies!
Your butterfly disappears in a burst of colours!
The ancient lich touches your butterfly!
Your butterfly dies!
Your butterfly disappears in a burst of colours!
The necromancer mumbles some strange words.
The necromancer binds the souls of nearby monsters.
The titan waves its arms in wide circles.
The air twists around and strikes you!! The golden dragon breathes fire at you.
The bolt of fire hits your butterfly!!!
Your butterfly dies!
Your butterfly disappears in a burst of colours!
The bolt of fire hits you. You resist.
The yaktaur captain wields a +0 arbalest.
The yaktaur captain shoots a bolt.
You block the bolt.
You hear a horrible gurgling sound!
You hear a shout!
Unknown command.
Found a potion of curing.
The storm dragon barely misses your butterfly.
The storm dragon claws your butterfly.
Your butterfly dies!
Your butterfly disappears in a burst of colours!
The ancient lich touches your butterfly!!
Your butterfly dies!
Your butterfly disappears in a burst of colours!
The yaktaur captain shoots a bolt.
You block the bolt. The ancient lich casts a spell at you.
The crystal spear hits you!!!!
You die...

..# ....# ## #....#
##.# #....# #..
#.#.##....##...
#.#.#....#...#
#@.........#
######...b..b.####
!........Lc........
.......QCDpbb......
.....b.D.Tp)<......
.........†<<.......
#######..).)...####
#.....b)..p...#
.....#....#.#.#.


You could see a titan (soul bound, ally target), a golden dragon (soul bound),
an ancient lich (fast, invisible), a storm dragon (soul bound), a tengu reaver
(soul bound), a yaktaur captain (soul bound, ally target), a vault guard (soul
bound), a deep troll earth mage (soul bound) and a necromancer.

Vanquished Creatures
  the Royal Jelly (Slime:5)
  Mara (Snake:3)
  4 juggernauts
  Vv (Depths:2)
  A curse toe (Crypt:3)
  the Lernaean hydra (Swamp:4)
  Vashnia (Snake:4)
  Saint Roka (Orc:2)
  4 caustic shrikes (Depths:3)
  Nikola (Elf:3)
  A profane servitor (Crypt:3)
  4 golden dragons
  2 tentacled monstrosities (Depths:3)
  A shard shrike zombie (Crypt:3)
  Rupert (D:14)
  Mlioglotl (Lair:3)
  2 walking earthen tomes
  8 liches
  2 walking frostbound tomes
  11 ancient champions
  2 deep elf blademasters (Elf:3)
  3 quicksilver dragons
  3 deep elf master archers
  6 sphinxes
  20 acid blobs
  9 tengu reavers
  Agnes (Snake:2)
  2 shadow dragons
  2 storm dragons
  Kirke (Snake:4)
  8 frost giants
  12 rockslimes
  A fenstrider witch (Swamp:4)
  5 fire giants
  3 nagarajas (Snake:4)
  2 iron dragons
  11 azure jellies
  2 deep elf sorcerers (Elf:3)
  A juggernaut zombie (Crypt:1)
  Louise (Depths:1)
  3 orc warlords
  9 vault wardens
  A balrug (Depths:2)
  An imperial myrmidon (Desolation)
  A curse skull (Crypt:3)
  3 deep elf elementalists (Elf:3)
  6 ghouls
  14 quicksilver oozes
  34 very ugly things
  11 ironbound preservers
  4 war gargoyles
  20 stone giants
  2 spriggan defenders (Depths:2)
  10 vampire knights
  3 eleionomae
  7 ironbound thunderhulks
  3 entropy weavers
  Azrael (D:12)
  9 deep elf demonologists
  A black draconian (Depths:4)
  4 dire elephants
  A halazid warlock (Desolation)
  3 bunyips
  A red draconian (Depths:4)
  9 deep elf annihilators
  7 ettins
  8 deep elf death magi
  The ghost of Darubir the Skirmisher, a journeyman CeAM of Okawaru (Lair:5)
  A blizzard demon (Depths:1)
  9 spark wasps
  2 merfolk impalers (Depths:3)
  A shambling mangrove (Swamp:2)
  5 eidola
  Snorg (Lair:4)
  11 crystal guardians
  The ghost of Deesahac the Severer, a journeyman BaFi of Cheibriados (Lair:3)
  7 yaktaur captains
  3 deep elf high priests (Elf:3)
  2 merfolk javelineers (Depths:3)
  7 ice dragons
  11 jiangshi
  13 fire dragons
  9 ragged hierophants (Desolation)
  The ghost of Liimbo the Fighter, a journeyman FoWn of Cheibriados (D:13)
  Erolcha (D:11)
  7 servants of whispers (Desolation)
  2 ogre magi
  25 vault guards
  32 hydras
  15 great orbs of eyes
  2 caustic shrike simulacra (IceCv)
  4 rakshasas
  6 spriggan air magi
  3 salamander tyrants
  11 peacekeepers
  9 boulder beetles
  13 anacondas
  5 ghost crabs
  6 two-headed ogres
  14 centaur warriors
  3 death yaks (D:11)
  11 ironbound frosthearts
  Erica (Lair:2)
  An Orb Guardian skeleton (Crypt:1)
  6 deep troll earth magi
  6 alligators
  2 tengu warriors
  A deep troll shaman (Depths:2)
  13 naga warriors
  2 orc high priests
  A death scarab (Crypt:3)
  13 dancing weapons
  8 spriggan berserkers
  8 vampire magi
  14 naga sharpshooters
  11 hell knights
  7 spriggans
  Nergalle (Orc:1)
  5 shock serpents
  9 deep elf knights
  3 shadow wraiths
  27 skeletal warriors
  2 iron trolls (Depths:3)
  3 sixfirhies
  4 goliath frogs
  8 flayed ghosts
  5 salamander mystics
  A storm dragon skeleton (Depths:1)
  14 deep trolls
  9 bog bodies
  13 swamp dragons
  8 naga ritualists
  An orb spider (Snake:4)
  A spark wasp zombie (Crypt:3)
  2 spriggan druids
  2 starcursed masses (Abyss:2)
  7 glowing orange brains
  8 lindwurms
  8 deep elf archers
  7 wizards
  An obsidian statue (IceCv)
  2 spriggan simulacra (IceCv)
  A shadow dragon zombie (Crypt:2)
  20 ironbound convokers
  16 orc knights
  A broodmother zombie (Crypt:1)
  28 deep elf pyromancers
  4 necromancers
  22 deep elf zephyrmancers
  An orange crystal statue (Depths:1)
  9 phantasmal warriors
  6 harpies
  2 oklob plants (Lair:1)
  A wolf spider zombie (Crypt:2)
  4 will-o-the-wisps
  2 shining eyes (Slime:4)
  17 mana vipers
  3 cyclopes (D:12)
  A faun (shapeshifter) (D:13)
  A stone giant zombie (D:15)
  A sphinx skeleton (Depths:1)
  6 orc sorcerers
  42 ugly things
  4 large abominations (Abyss:2)
  A wolf spider (Snake:2)
  3 manticores
  16 salamanders
  A centaur zombie (Crypt:3)
  A moth of wrath (shapeshifter) (D:15)
  4 elephants (Lair:5)
  66 black mambas
  17 vault sentinels
  2 eyes of devastation
  12 guardian serpents
  An apocalypse crab (Abyss:2)
  13 naga magi
  A fire giant skeleton (Crypt:2)
  5 molten gargoyles (Desolation)
  6 torpor snails
  An orange demon (Abyss:2)
  6 cane toads
  4 smoke demons
  A demonic crawler (Abyss:2)
  3 gargoyles
  An unseen horror (shapeshifter) (Abyss:2)
  A spriggan zombie (D:15)
  29 yaktaurs
  2 catoblepas zombies
  4 rime drakes
  A tengu conjurer (Depths:3)
  16 freezing wraiths
  3 ice devils
  Psyche (D:11)
  Maggie (D:9)
  2 efreet
  8 komodo dragons
  4 guardian mummies
  An iron troll skeleton (Crypt:2)
  A purple draconian skeleton (Crypt:3)
  2 anaconda simulacra (IceCv)
  4 golden dragon simulacra (IceCv)
  A harpy zombie (Crypt:3)
  A queen bee (shapeshifter) (D:14)
  10 tyrant leeches
  A bloated husk (Swamp:2)
  A merfolk (shapeshifter) (Depths:3)
  A hydra zombie (Crypt:2)
  9 trolls
  2 raiju (Abyss:2)
  55 saltlings
  98 slime creatures
  17 hornets
  2 ettin zombies
  A frost giant simulacrum (Depths:1)
  A dream sheep (shapeshifter) (Snake:4)
  5 blink frogs
  2 dream sheep (Lair:4)
  An ice dragon zombie (Crypt:2)
  A boulder beetle zombie (Crypt:3)
  A jumping spider zombie (Crypt:3)
  Sigmund (D:2)
  A centaur simulacrum (D:14)
  A vampire (Crypt:3)
  2 air elementals
  A culicivora (shapeshifter) (Elf:3)
  A shadow (D:10)
  9 flying skulls (Crypt:3)
  6 dire elephant simulacra (IceCv)
  An alligator skeleton (Crypt:2)
  2 hogs (Snake:4)
  8 wyverns
  53 yaks
  2 ynoxinuls (Abyss:2)
  An ettin skeleton (Crypt:3)
  11 golden eyes
  4 wraiths
  A fire bat (Abyss:2)
  A golden eye (shapeshifter) (Elf:2)
  2 basilisks
  13 water elementals
  3 neqoxecs
  A chaos spawn (Abyss:2)
  8 fire elementals
  3 redbacks
  A redback (shapeshifter) (Vaults:4)
  Menkaure (D:5)
  A harpy simulacrum (IceCv)
  4 steam dragons
  19 vampire mosquitoes
  6 wargs
  35 nagas
  An acid dragon (D:10)
  17 swamp worms
  16 water moccasins
  7 hell hounds
  2 floating eyes
  2 hydra simulacra (IceCv)
  2 floating eyes (shapeshifter)
  7 black bears
  6 human skeletons
  53 orc warriors
  An ice beast (Vaults:4)
  9 swamp drakes
  An ettin simulacrum (IceCv)
  A black mamba simulacrum (Crypt:3)
  2 sky beasts
  2 alligator simulacra (IceCv)
  4 ogres
  48 wolves
  4 boggarts (Vaults:1)
  4 centaurs
  A rime drake zombie (Crypt:3)
  A phantom (D:6)
  A small abomination (Abyss:2)
  2 kobold brigands
  10 bullfrogs
  A draconian skeleton (Crypt:2)
  A salamander skeleton (Crypt:1)
  2 necrophages (Swamp:2)
  3 earth elementals
  2 scorpions
  2 deep troll simulacra (IceCv)
  A polar bear zombie (Crypt:3)
  A raiju zombie (Crypt:2)
  A raiju skeleton (Crypt:1)
  18 killer bees
  6 lindwurm simulacra (IceCv)
  3 howler monkeys
  A yak skeleton (Crypt:1)
  An electric eel (Lair:5)
  3 hounds
  2 jellies
  28 orc priests
  A wolf skeleton (Crypt:1)
  A human zombie (Crypt:1)
  3 iguanas
  A gnoll bouda (D:8)
  Natasha (twice) (D:2)
  20 orc wizards
  A hell rat (D:11)
  A naga skeleton (Crypt:1)
  An acid dragon skeleton (Crypt:3)
  An ogre skeleton (Crypt:2)
  14 mummies
  15 gnolls
  7 adders
  A shadow imp (D:5)
  3 white imps
  An ufetubus (D:7)
  3 worms
  A dart slug (D:2)
  125 orcs
  6 ball pythons
  A bat skeleton (Crypt:1)
  3 endoplasms
  2 giant cockroaches
  12 goblins
  7 hobgoblins
  6 jackals
  2 quokkas
  9 bats
  3 frilled lizards
  A goblin zombie (Crypt:2)
  23 kobolds
  8 rats
2234 creatures vanquished.

Vanquished Creatures (collateral kills)
  A bog body (IceCv)
  2 freezing wraiths (IceCv)
3 creatures vanquished.

Vanquished Creatures (others)
  A golden dragon (Depths:3)
  A fire dragon (Depths:3)
  An alligator (Swamp:2)
  A goliath frog (Swamp:2)
  A wizard (Depths:3)
  A deep elf zephyrmancer (Elf:1)
  2 bloated husks
  A slime creature (D:13)
  A saltling (Desolation)
  2 humans (Snake:4)
  A swamp worm (Swamp:2)
  An earth elemental (Elf:2)
  A howler monkey (D:14)
  4 orcs
  18 foxfires
  51 fungi
  79 plants
167 creatures vanquished.

Grand Total: 2404 creatures vanquished

Notes
Turn   | Place    | Note
-------+----------+-------------------------------------------
     0 | D:1      | SnakkuSnakku7 the Formicid Cinder Acolyte began the quest
                  | for the Orb.
     0 | D:1      | Reached XP level 1. HP: 18/18 MP: 2/2
   483 | D:1      | Reached XP level 2. HP: 24/24 MP: 3/3
  1247 | D:2      | Found a faded altar of an unknown god.
  1294 | D:2      | Reached XP level 3. HP: 18/29 MP: 4/4
  1440 | D:2      | Noticed Natasha
  1448 | D:2      | Killed Natasha
  1664 | D:2      | Reached XP level 4. HP: 35/35 MP: 5/5
  2129 | D:2      | Reached skill level 5 in Axes
  2177 | D:2      | Noticed Sigmund
  2710 | D:3      | Found a hazy altar of Hepliaklqana.
  2838 | D:3      | Reached XP level 5. HP: 16/35 MP: 6/6
  3057 | D:3      | Found an opulent altar of Gozag.
  3341 | D:3      | Identified the +5 scale mail of Minor Irritation {+Blink
                  | rC++ Int+5}
  4072 | D:2      | Noticed Natasha
  4085 | D:2      | Killed Natasha
  4086 | D:2      | Reached skill level 1 in Throwing
  4179 | D:2      | Killed Sigmund
  4180 | D:2      | Reached XP level 6. HP: 47/47 MP: 7/7
  4442 | D:4      | Found a white marble altar of Elyvilon.
  4518 | D:4      | Found a staircase to the Ecumenical Temple.
  4568 | D:4      | Reached XP level 7. HP: 14/52 MP: 2/8
  5031 | D:5      | Entered Level 5 of the Dungeon
  5045 | D:5      | Noticed Menkaure
  5049 | D:5      | Killed Menkaure
  5177 | D:5      | You fall into a shaft and drop 1 floor!
  5783 | D:5      | Reached XP level 8. HP: 55/58 MP: 7/9
  6147 | D:5      | Reached skill level 5 in Throwing
  6318 | D:6      | Identified the +6 dagger "Newtslayer" {spect, rF+ rC+
                  | Str+2}
  7173 | D:6      | Reached XP level 9. HP: 59/64 MP: 10/10
  7557 | D:6      | Reached skill level 5 in Fighting
  7739 | D:6      | Identified 2 scrolls of acquirement
  7739 | D:6      | Acquired a +2 battleaxe of electrocution
  7744 | D:6      | Acquired the +7 war axe of Fate {vorpal, Will+ Str+5
                  | Stlth+}
  7944 | D:7      | Reached skill level 10 in Axes
  8429 | D:8      | Found a flagged portal.
  8472 | Bailey   | Entered a bailey
  8497 | Bailey   | Reached XP level 10. HP: 73/79 MP: 11/11
  8642 | Bailey   | Noticed an orc knight
  8666 | Bailey   | Killed an orc knight
  9428 | D:9      | Reached XP level 11. HP: 78/86 MP: 12/12
  9893 | D:9      | Noticed Maggie
  9898 | D:9      | Killed Maggie
 10120 | D:9      | Reached skill level 1 in Armour
 10792 | D:9      | Reached skill level 5 in Armour
 10947 | D:10     | Entered Level 10 of the Dungeon
 10951 | D:10     | Noticed a green ugly thing
 10961 | D:10     | Killed a green ugly thing
 10973 | D:10     | Found a staircase to the Orcish Mines.
 11397 | D:10     | Found a stormy altar of Qazlal.
 11797 | D:11     | Noticed Psyche
 11807 | D:11     | Killed Psyche
 11898 | D:11     | Noticed a two-headed ogre
 11901 | D:11     | Noticed a death yak
 11910 | D:11     | Killed a two-headed ogre
 11911 | D:11     | Reached skill level 3 in Shields
 11912 | D:11     | Noticed a death yak
 11914 | D:11     | Noticed a death yak
 11918 | D:11     | Killed a death yak
 11919 | D:11     | Reached skill level 5 in Shields
 11919 | D:11     | Reached XP level 12. HP: 92/92 MP: 13/13
 11925 | D:11     | Killed a death yak
 11926 | D:11     | Reached skill level 6 in Shields
 11934 | D:11     | Killed a death yak
 11935 | D:11     | Reached skill level 7 in Shields
 12040 | D:11     | Found a staircase to the Lair.
 12243 | D:11     | Noticed a five-headed hydra
 12250 | D:11     | Killed a one-headed hydra
 12251 | D:11     | Reached skill level 8 in Shields
 12394 | D:11     | Noticed Erolcha
 12411 | D:11     | Killed Erolcha
 12412 | D:11     | Reached skill level 9 in Shields
 12713 | Lair:1   | Entered Level 1 of the Lair of Beasts
 12725 | D:11     | Reached skill level 10 in Shields
 13180 | Lair:1   | Identified the +1 robe "Nuikixtitz" {Rampage rC+ Dex+2}
 13248 | Lair:1   | Reached skill level 11 in Shields
 13418 | Lair:1   | Reached skill level 12 in Shields
 14042 | Lair:2   | Reached skill level 13 in Shields
 14044 | Lair:2   | Reached skill level 1 in Dodging
 14045 | Lair:2   | Reached XP level 13. HP: 76/98 MP: 14/14
 14226 | Lair:1   | Reached skill level 5 in Dodging
 14650 | Lair:2   | Noticed an eight-headed hydra
 14670 | Lair:2   | Killed a one-headed hydra
 14877 | Lair:2   | Noticed Erica
 14888 | Lair:2   | Killed Erica
 15575 | Lair:3   | Found a staircase to the Swamp.
 15691 | Lair:3   | Found a staircase to the Snake Pit.
 15732 | Lair:3   | Found a runed translucent door.
 15732 | Lair:3   | Noticed Deesahac's ghost (journeyman BaFi)
 16340 | Lair:3   | Killed Deesahac's ghost
 16479 | Lair:4   | Noticed an eight-headed hydra
 16479 | Lair:4   | Noticed a seven-headed hydra
 16513 | Lair:3   | Killed a one-headed hydra
 16755 | Lair:4   | Noticed a six-headed hydra
 16760 | Lair:4   | Reached skill level 10 in Armour
 16776 | Lair:4   | Killed a one-headed hydra
 16782 | Lair:4   | Reached XP level 14. HP: 71/105 MP: 15/15
 16877 | Lair:4   | Noticed Snorg
 17730 | Lair:4   | Killed Snorg
 18105 | Lair:4   | Found the +9 heavy crossbow "Sniper" {vorpal, Acc+∞ SInv}
 18924 | Lair:4   | Reached skill level 10 in Fighting
 19057 | Lair:5   | Entered Level 5 of the Lair of Beasts
 19697 | Lair:5   | Found a runed translucent gate.
 19703 | Lair:5   | Found a runed translucent gate.
 19703 | Lair:5   | Found a runed translucent gate.
 19704 | Lair:5   | Noticed Darubir's ghost (journeyman CeAM)
 19728 | Lair:5   | Killed Darubir's ghost
 19941 | Lair:5   | Identified the +7 ring mail "Duuboesiu" {rPois Will+ Dex+4
                  | Slay-4}
 20155 | Lair:5   | Found a viscous altar of Jiyva.
 20156 | Lair:5   | Found a staircase to the Slime Pits.
 20528 | Lair:5   | Found a runed translucent door.
 20534 | Lair:5   | Reached XP level 15. HP: 118/120 MP: 16/16
 20910 | Lair:5   | Reached skill level 15 in Axes
 21512 | D:12     | Noticed Azrael
 21529 | D:12     | Killed Azrael
 22395 | Orc:1    | Entered Level 1 of the Orcish Mines
 22654 | Orc:1    | Noticed Nergalle
 22663 | Orc:1    | Killed Nergalle
 22854 | Orc:2    | Entered Level 2 of the Orcish Mines
 22926 | Orc:2    | Reached skill level 14 in Shields
 23140 | Orc:2    | Found a staircase to the Elven Halls.
 23288 | Orc:2    | Noticed Saint Roka
 23722 | Orc:2    | Found Liguk's Assorted Antiques.
 23852 | Orc:2    | Found Nuenoig's Assorted Antiques.
 23883 | Orc:2    | Bought a scroll labelled GOFFOM DAISOVU for 31 gold pieces
 23883 | Orc:2    | Bought a potion of heal wounds for 155 gold pieces
 24508 | Orc:2    | Killed Saint Roka
 24509 | Orc:2    | Reached skill level 15 in Shields
 24639 | Orc:2    | Found Peaphisi's Antique Armour Boutique.
 24648 | Orc:2    | Found Dugamoid's Antique Weapon Shop.
 25155 | D:13     | Noticed a tengu reaver
 25937 | D:14     | Found a basalt altar of Yredelemnul.
 25988 | D:14     | Identified Roxanne's Lectures on Evolution
 25988 | D:14     | Noticed Roxanne
 26012 | D:14     | Noticed an ironbound preserver
 26014 | D:14     | Found a gate to the Vaults.
 26022 | D:14     | Killed an ironbound preserver
 26023 | D:14     | Reached XP level 16. HP: 101/127 MP: 17/17
 26369 | D:14     | Noticed Rupert
 26381 | D:14     | Killed Rupert
 26553 | D:15     | Entered Level 15 of the Dungeon
 26608 | D:15     | Found an iron altar of Okawaru.
 27087 | D:15     | Found a staircase to the Depths.
 27979 | D:13     | Found a runed translucent gate.
 27980 | D:13     | Found a runed translucent gate.
 27981 | D:13     | Found a runed translucent gate.
 27986 | D:13     | Noticed Liimbo's ghost (journeyman FoWn)
 28190 | D:13     | You are sucked into a shaft and drop 2 floors!
 28491 | D:13     | Noticed a tengu reaver
 28503 | D:13     | You are sucked into a shaft and drop 2 floors!
 28636 | Swamp:1  | Entered Level 1 of the Swamp
 28641 | Swamp:1  | Noticed Mlioglotl
 28719 | Lair:3   | Noticed a bone dragon
 28722 | Lair:3   | You are sucked into a shaft and drop 1 floor!
 29049 | Lair:3   | You are sucked into a shaft and drop 2 floors!
 29213 | Snake:1  | Entered Level 1 of the Snake Pit
 29221 | Snake:1  | Reached skill level 1 in Evocations
 29367 | Snake:1  | Found Margaret's Dragon-Slaying Spoils.
 29375 | Snake:1  | Bought +0 gold dragon scales for 1280 gold pieces
 30021 | Snake:2  | Noticed Agnes
 30030 | Snake:2  | Killed Agnes
 30035 | Snake:2  | Reached skill level 5 in Evocations
 30204 | Snake:2  | Found a frozen archway.
 30313 | Snake:2  | Reached XP level 17. HP: 79/133 MP: 18/18
 30332 | IceCv    | Entered an ice cave
 31352 | IceCv    | Found an ancient bone altar of Kikubaaqudgha.
 32013 | IceCv    | Noticed a lich
 32043 | IceCv    | Killed a lich
 32044 | IceCv    | Reached skill level 10 in Evocations
 33638 | Snake:2  | Identified the ring "Munaj" {rF+ rN+ Str-5 Int+4}
 33861 | Snake:2  | Found Gunore Myoxt's Book Shoppe.
 33861 | Snake:2  | Found Puj Sari's Jewellery Boutique.
 33863 | Snake:2  | Found Ytezaugh's Jewellery Boutique.
 33877 | Snake:2  | Bought the amulet of the Air {Inacc Air Fly rElec RMsl} for
                  | 676 gold pieces
 33877 | Snake:2  | Found the amulet of the Air {Inacc Air Fly rElec RMsl}
 35406 | Snake:3  | Reached XP level 18. HP: 128/143 MP: 19/19
 35437 | Snake:3  | Identified the +1 leather armour "Jiged" {rPois rF+}
 36102 | Snake:3  | Noticed Mara
 36113 | Snake:3  | Noticed SnakkuSnakku7's illusion
 36285 | Snake:3  | Noticed SnakkuSnakku7's illusion
 36299 | Snake:3  | Reached skill level 15 in Fighting
 36824 | Snake:4  | Entered Level 4 of the Snake Pit
 37081 | Snake:4  | Found a gateway to a bazaar.
 37374 | Snake:3  | Noticed SnakkuSnakku7's illusion
 37408 | Bazaar   | Entered a bazaar
 37706 | Bazaar   | Found Paem's Jewellery Shop.
 37734 | Bazaar   | Found Xibbagun's Antique Armour Shop.
 37742 | Bazaar   | Bought the +0 pair of fencer's gloves {Riposte Dex+3} for
                  | 1280 gold pieces
 37742 | Bazaar   | Found the +0 pair of fencer's gloves {Riposte Dex+3}
 38491 | Snake:4  | Noticed Kirke
 38564 | Snake:4  | Killed Kirke
 38594 | Snake:4  | Noticed Vashnia
 38627 | Snake:4  | Killed Vashnia
 39272 | Snake:4  | Reached XP level 19. HP: 154/161 MP: 20/20
 39603 | Snake:4  | Got a serpentine rune of Zot
 40493 | Snake:4  | Found a shimmering altar of Xom.
 40673 | Snake:3  | Noticed SnakkuSnakku7's illusion
 40890 | Snake:3  | Noticed SnakkuSnakku7's illusion
 40898 | Snake:3  | Noticed SnakkuSnakku7's illusion
 41261 | Snake:3  | Noticed SnakkuSnakku7's illusion
 41513 | Snake:3  | Noticed SnakkuSnakku7's illusion
 41531 | Snake:3  | Killed Mara
 44214 | Swamp:4  | Entered Level 4 of the Swamp
 44360 | Swamp:4  | Reached XP level 20. HP: 169/176 MP: 21/21
 44379 | Swamp:4  | Noticed the 27-headed Lernaean hydra
 44390 | Swamp:4  | Killed the 26-headed Lernaean hydra
 44422 | Swamp:4  | Reached skill level 15 in Armour
 44825 | Swamp:4  | Got a decaying rune of Zot
 45661 | Lair:3   | You are sucked into a shaft and drop 1 floor!
 46058 | Lair:3   | Killed Mlioglotl
 46667 | D:13     | Killed Liimbo's ghost
 46734 | Vaults:1 | Entered Level 1 of the Vaults
 48052 | Vaults:1 | Reached XP level 21. HP: 36/183 MP: 7/22
 48580 | Vaults:1 | Found Pide Udwe's Weapon Boutique.
 48722 | Vaults:1 | You are sucked into a shaft and drop 1 floor!
 49317 | Abyss:2  | Cast into level 2 of the Abyss (a wizard)
 49616 | Vaults:2 | Escaped the Abyss
 49685 | Vaults:2 | Identified the +0 leather armour of the Yeti {rElec rF+}
 50142 | Vaults:2 | Identified the +0 pair of boots "Zated" {rF+ Str+7}
 50842 | Vaults:3 | Reached skill level 16 in Shields
 51091 | Vaults:3 | Found a staircase to the Crypt.
 51204 | Vaults:3 | Identified the ring "Vionatie" {rC+ rCorr Str+4 Slay+3}
 51256 | Vaults:3 | Reached skill level 17 in Shields
 51403 | Vaults:3 | Reached skill level 18 in Shields
 51429 | Vaults:3 | Identified the +9 rapier of Keisoown {freeze, Str+6 Int+4
                  | Dex-3}
 51450 | Vaults:3 | Reached XP level 22. HP: 190/190 MP: 23/23
 51872 | Vaults:3 | Found Pianutad's Book Shop.
 51892 | Vaults:3 | Found a portal to a secret trove of treasure.
 52057 | Vaults:4 | Found Xullao Wyto's Book Emporium.
 52094 | Vaults:4 | Found a crumbling gateway.
 52108 | Vaults:4 | Reached skill level 19 in Shields
 52111 | Desolati | Entered the Desolation of Salt
 52193 | Desolati | Got Sif Muna's Grimoire of the Damaging Atmosphere
 52225 | Desolati | Reached skill level 20 in Shields
 52442 | Desolati | Identified the +9 flail of Dugoru {vorpal, rF+ rN+ Will-
                  | MP+9 Dex+4}
 52442 | Desolati | Identified the ring of Zasuri {rElec rPois Will+ Int+6}
 52573 | Desolati | Got the Commentary on Bedrock and Blasting
 52576 | Desolati | Got Sif Muna's Incunabulum of Summoned Vapour
 52580 | Desolati | Identified the ring of Renoxem {rC- rN++ Str+2 Int+6}
 52634 | Desolati | Identified the ring of Egomania {Will+ Int+4 SInv}
 52637 | Desolati | Identified the ring of Fumeq {rElec rC+}
 52775 | Vaults:4 | Reached skill level 10 in Dodging
 53372 | Vaults:4 | Reached XP level 23. HP: 151/196 MP: 24/24
 53748 | Vaults:5 | Entered Level 5 of the Vaults
 53787 | Vaults:5 | Noticed an ancient lich
 53822 | Vaults:5 | Noticed a golden dragon
 54067 | Depths:1 | Entered Level 1 of the Depths
 54079 | Depths:1 | Found a one-way gateway to a ziggurat.
 54091 | Depths:1 | Found a gateway to Hell.
 54217 | Depths:1 | Found Ihutt's Weapon Shoppe.
 54370 | Depths:1 | Found a runed translucent door.
 54410 | Depths:1 | Found a one-way gate to the infinite horrors of the Abyss.
 54415 | Depths:1 | Noticed Louise
 54421 | Abyss:3  | Cast into level 3 of the Abyss (Louise)
 54441 | Depths:1 | Escaped the Abyss
 54451 | Depths:1 | Killed Louise
 54711 | Depths:1 | Found Daskoupn's Distillery.
 54723 | Depths:1 | Found Nolaux's General Store.
 54724 | Depths:1 | Found Domoedghe's Armour Emporium.
 54724 | Depths:1 | Found Pisof's Antique Weapon Emporium.
 54727 | Depths:1 | Bought 2 potions of curing for 84 gold pieces
 54727 | Depths:1 | Bought a potion of curing for 42 gold pieces
 54727 | Depths:1 | Bought a potion of heal wounds for 70 gold pieces
 54727 | Depths:1 | Bought a potion of heal wounds for 70 gold pieces
 54727 | Depths:1 | Bought a potion of cancellation for 112 gold pieces
 54733 | Depths:1 | Bought a scroll of fear for 68 gold pieces
 54856 | Depths:1 | Found a one-way gate leading to the halls of Pandemonium.
 55222 | Depths:2 | Reached skill level 15 in Evocations
 55230 | Depths:2 | Noticed Vv
 55578 | Depths:3 | Reached skill level 21 in Shields
 55612 | Depths:3 | Reached XP level 24. HP: 190/204 MP: 24/24
 55875 | Depths:3 | Found a shadowy altar of Dithmenos.
 55966 | Depths:3 | Reached skill level 22 in Shields
 55968 | Depths:3 | Noticed a juggernaut
 55986 | Depths:3 | Killed a juggernaut
 56241 | Depths:3 | Noticed a golden dragon
 56248 | Depths:3 | Killed a golden dragon
 56253 | Depths:3 | Noticed a juggernaut
 56263 | Depths:3 | Killed a juggernaut
 56264 | Depths:3 | Reached skill level 23 in Shields
 56315 | Depths:3 | Found the +3 warlock's mirror {reflect}
 56321 | Depths:3 | Identified the +3 whip "Lecuuz" {vorpal, rC+ rCorr MP+9
                  | Int-3}
 56328 | Depths:3 | Identified the +2 robe of Hubris {rElec rPois Slay-3}
 56400 | Depths:3 | Noticed a caustic shrike
 56400 | Depths:3 | Noticed a caustic shrike
 56400 | Depths:3 | Noticed a caustic shrike
 56401 | Depths:3 | Noticed a caustic shrike
 56408 | Depths:3 | Killed a caustic shrike
 56415 | Depths:3 | Killed a caustic shrike
 56415 | Depths:3 | Killed a caustic shrike
 56424 | Depths:3 | Killed a caustic shrike
 56554 | Depths:3 | Noticed a golden dragon
 56557 | Depths:3 | Killed a golden dragon
 56587 | Depths:3 | Identified the +8 long sword of a wizard's laboratory
                  | {elec, rN+ Stlth+}
 56672 | Depths:3 | Reached skill level 24 in Shields
 56683 | Depths:3 | Noticed a golden dragon
 56700 | Depths:3 | Killed a golden dragon
 57037 | Depths:3 | Reached skill level 25 in Shields
 57278 | Depths:4 | Entered Level 4 of the Depths
 57304 | Depths:4 | Noticed a juggernaut
 57323 | Depths:4 | Killed a juggernaut
 57495 | Depths:4 | Reached XP level 25. HP: 210/210 MP: 24/24
 57583 | Depths:4 | Found Gyrog's Jewellery Boutique.
 57583 | Depths:4 | Found Downu's Magic Scroll Shop.
 57587 | Depths:4 | Found Viazippi's General Store.
 57595 | Depths:4 | Bought a potion of curing for 48 gold pieces
 57595 | Depths:4 | Bought a potion of might for 64 gold pieces
 57871 | Depths:4 | Reached skill level 26 in Shields
 58337 | Depths:2 | Found an opulent altar of Gozag.
 58407 | Depths:2 | Noticed a juggernaut
 58435 | Depths:2 | Killed a juggernaut
 58439 | Depths:2 | You are sucked into a shaft and drop 1 floor!
 58586 | Depths:2 | Killed Vv
 58824 | Depths:2 | Reached skill level 27 in Shields
 58895 | Depths:2 | Identified the ring "Puronwum" {rN+ Str+3 Int+3}
 59683 | Elf:1    | Entered Level 1 of the Elven Halls
 59919 | Elf:1    | Identified the +2 pair of boots "Taweeb" {rF+ rC+ MP+9}
 60070 | Elf:1    | Found an ancient bone altar of Kikubaaqudgha.
 60902 | Elf:2    | Found a huge runed translucent gate.
 60902 | Elf:2    | Found a huge runed translucent gate.
 60902 | Elf:2    | Found a huge runed translucent gate.
 60904 | Elf:2    | Found a huge runed translucent gate.
 60904 | Elf:2    | Found a huge runed translucent gate.
 61417 | Elf:3    | Entered Level 3 of the Elven Halls
 61497 | Elf:2    | Found an ancient bone altar of Kikubaaqudgha.
 61696 | Elf:3    | Identified the +0 robe of Responsibility {rPois rC+ Int-2}
 61725 | Elf:3    | Reached XP level 26. HP: 212/225 MP: 24/24
 61747 | Elf:3    | Noticed Nikola
 61761 | Elf:3    | Killed Nikola
 61818 | Elf:3    | Identified the ring "Etaam" {rC+ rN+}
 61833 | Elf:3    | Identified the +1 leather armour of the Ant {rF+}
 61859 | Elf:3    | Identified the ring "Lemarid" {rC+ Int+6}
 62050 | Elf:3    | Identified the +1 plate armour of Lejesmipn {Int+2 Dex+3}
 62072 | Elf:3    | Identified the ring of Guagg {EV+4 Stlth+}
 62088 | Elf:3    | Got the Atlas of Glaciation and the Pyre
 62096 | Elf:3    | Identified the amulet of Coronation {Spirit -Tele *Corrode
                  | rElec Str+7}
 62110 | Elf:3    | Got the Incunabulum of the Macabre Zephyr
 62139 | Elf:3    | Identified the ring "Bepufyen" {rPois rC+}
 62301 | Elf:3    | Identified the +5 halberd "Viclik" {chaos, Dex+3}
 62359 | Elf:3    | Found Nimad's Armour Shoppe.
 63005 | Crypt:1  | Entered Level 1 of the Crypt
 64081 | Crypt:3  | Entered Level 3 of the Crypt
 64196 | Crypt:3  | Found a staircase to the Tomb.
 64669 | Crypt:3  | Found an ancient bone altar of Kikubaaqudgha.
 64669 | Crypt:3  | Noticed a curse toe
 64680 | Crypt:3  | Killed a curse toe
 64840 | Crypt:3  | Found a basalt altar of Yredelemnul.
 64859 | Crypt:3  | Got Henuicre's Tractate on Iniquitous Liturgies
 64900 | Crypt:3  | Identified the ring of the Snail {rN+ Str-3 Int+6}
 64900 | Crypt:3  | Identified the ring "Kihafog" {rC+ rN+ Dex+4}
 64900 | Crypt:3  | Identified the ring "Wefonor" {rN+ MP+9 Int+5 Dex+6}
 65135 | Crypt:3  | Reached XP level 27. HP: 234/235 MP: 24/24
 65491 | Slime:1  | Entered Level 1 of the Pits of Slime
 67249 | Slime:4  | Gained mutation: You are covered in fur. (AC +1) [a shining
                  | eye]
 67256 | Slime:4  | Gained mutation: You occasionally shout uncontrollably at
                  | your foes. [a shining eye]
 67425 | Slime:5  | Entered Level 5 of the Pits of Slime
 67495 | Slime:5  | Noticed the Royal Jelly
 67513 | Slime:5  | Killed the Royal Jelly
 67683 | Slime:5  | Found the +2 hat of the Bear Spirit {Spirit, *Rage Will++}
 67689 | Slime:5  | Identified the ring "Wifuos" {MP+9 Str+2}
 67719 | Slime:5  | Got Nadwap's Advanced Magic
 67722 | Slime:5  | Identified the +0 helmet "Talear" {Regen+ Dex+3}
 67740 | Slime:5  | Identified the +11 crystal plate armour of Hizut {rElec}
 67762 | Slime:5  | Identified the ring "Isich" {Fire rCorr Dex+5}
 67782 | Slime:5  | Got a slimy rune of Zot
 68273 | Vaults:5 | Killed from afar by an ancient lich

Illustrated notes

Levels and vault maps discovered:
D:1:      dpeg_arrival_arbitrary_b, layout_basic
D:2:      layout_basic, hellmonk_ecumenical_altar_blasted, uniq_sigmund,
          uniq_natasha
D:3:      layout_loops_corners, grunt_temple_overflow_open
D:4:      layout_rooms, elyvilon_altar_3, minmay_temple_entry_glass,
          minmay_ruptured
D:5:      layout_gridville, uniq_menkaure
D:6:      layout_loops_corners
D:7:      layout_basic, chequers_serial_rivers_micro_b, dk_noncrumbling_4,
          nicolae_titane
D:8:      layout_basic, enter_bailey_5, special_room [special_room_orc],
          hangedman_decor_riveting
D:9:      layout_loops_cross, uniq_maggie
D:10:     layout_irregular_city, nicolae_qazlal_style_of_elements, orc_0_dummy,
          chequers_jeans, nicolae_figureground_sparkle
D:11:     layout_small_grid, dpeg_lair_monsters, uniq_psyche, uniq_erolcha
D:12:     layout_layer_cave, uniq_azrael
D:13:     minmay_octo_star, layout_loops_corners, gammafunk_ghost_split
D:14:     layout_cave_pools, skrybe_vaults_entry_preservation,
          yredelemnul_altar_generic, minmay_door_square, uniq_roxanne,
          uniq_rupert
D:15:     gammafunk_depths_entry_grave, layout_loops_corners, okawaru_trees_1,
          chequers_serial_rivers_micro_d
Lair:1:   minmay_lair_oklob_chamber, layout_hall_layers, beast_lair_carwin_1,
          lemuel_fruit_tree
Lair:2:   layout_long_grid, grunt_forest_large_clearings, uniq_erica
Lair:3:   layout_regular_city, skrybe_swamp_entry_bodies,
          guppyfry_snake_entry_garden, hellmonk_ghost_happy_afterlife
Lair:4:   onia_ninara_swampy_vault, layout_layer_cave, serial_bayou_crossing,
          uniq_snorg
Lair:5:   wormcave, layout_cave_pods, dpeg_slime_entry_enclosed,
          ebering_ghost_rock_garden, serial_bayou_shore_a, serial_bayou_shore_b
Swamp:1:  layout_falls_marsh, evilmike_swamp_ruin_house_5, uniq_mlioglotl
Swamp:2:  layout_falls_marsh, hangedman_swamp_diagram,
          infiniplex_staircase_pool_2
Swamp:3:  layout_basic_swamp, evilmike_swamp_ruin_rubble_1, swamp_pool2
Swamp:4:  swamp_old_school, layout_basic_swamp, nicolae_swamp_well_well_well
Snake:1:  layout_rooms, nicolae_shop_dragon_depot, grunt_megastairs_2
Snake:2:  layout_cave_pods, portal_ice_cave_entry_ugly_swarm,
          serial_bayou_shore_b, grunt_megastairs_3, minmay_shop_grove,
          uniq_agnes
Snake:3:  layout_chambers, drop_trap, nicolae_triple_integral, uniq_mara
Snake:4:  hellmonk_snake_rune_quicksilver_temple, layout_cave_town, basic_altar,
          serial_shops, bzr_entry_gold, uniq_kirke, uniq_vashnia
Slime:1:  layout_caves
Slime:2:  layout_caves
Slime:3:  layout_caves
Slime:4:  layout_caves, cheibrodos_slime_lost_civilization_5
Slime:5
Orc:1:    cheibrodos_orc_guarddog, layout_diamond_mine, nicolae_orc_lost_temple,
          uniq_nergalle
Orc:2:    grunt_orc_community_town_hall, layout_caves,
          grunt_orc_community_big_house_1, grunt_orc_community_big_house_1,
          grunt_orc_community_house_1, grunt_orc_community_house_2,
          grunt_orc_community_house_1, grunt_orc_community_house_1,
          grunt_orc_community_house_3, nicolae_orc_sculptors_studio
Elf:1:    layout_geoelf_grid, basic_altar, hangedman_elf_represent, uniq_louise
Elf:2:    elven_hall_of_blades_hangedman_alternative
          [nicolae_blade_entry_area_security], layout_gridlike,
          corexii_hall_statues_i, nicolae_elf_glass_and_crystal_pillar_2,
          minivault_28, lemuel_upstairs_altar
Elf:3:    grunt_elf_hall_spiral, layout_onion_city, serial_shops,
          shop_fountains, uniq_nikola
Vaults:1: nicolae_vaults_little_squares_6, nicolae_vaults_inception_corners,
          serial_ice_g, vaults_mumra_chevron, dpeg_vaults_monster_box,
          nicolae_vaults_rhombus_6, hangedman_vaults_pinch, v_rooms_6,
          v_misc_25, special_room_vaults [special_room_orc],
          vaults_dpeg_encased_lava, v_misc_16, nicolae_vaults_three_branches,
          layout_vaults_omnicross, serial_shops, nicolae_shop_hallway_stairs
Vaults:2: vaults_dpeg_spiral, v_alt_pattern_4, v_misc_17,
          nicolae_vaults_specimen_jars, dpeg_vaults_monster_row,
          ontoclasm_vaults_ring_small, nicolae_vaults_network_s,
          grunt_vaults_diagonal, hangedman_vaults_capsules,
          grunt_vaults_hallway_long, ontoclasm_vaults_twist,
          vaults_dpeg_emergency_exit, layout_vaults_ring
Vaults:3: hangedman_vaults_corner_blocks, v_misc_24, v_rooms_2,
          nicolae_vaults_stairing_the_circle, hangedman_vaults_trim,
          minmay_crypt_entry_simple_corners, ontoclasm_vaults_chip,
          grunt_vaults_hallway_short, vaults_room_pool, vaults_dpeg_doors,
          vaults_dpeg_cross, v_misc_28, vaults_room_stairs_pillars,
          layout_vaults_big_room, nicolae_trove_entry_crystal, serial_shops,
          nicolae_shop_trees
Vaults:4: portal_desolation_entry_salt, nicolae_vaults_network_square,
          v_misc_13, nicolae_vaults_ninety_degrees, hangedman_vaults_stream,
          v_misc_8, serial_ice_h, vaults_mumra_hexcomb, v_misc_10, v_misc_19,
          v_misc_5, vaults_room_mumra_shop_pool, vaults_room_hallway,
          vaults_room_grid, layout_vaults_maze_bifur, serial_hangedman_research
Vaults:5
Crypt:1:  layout_misc_corridors, grunt_crypt_arrival_guarded_gate
Crypt:2:  layout_misc_corridors, minivault_25
Crypt:3:  lightli_unholy_cathedral, layout_chaotic_city,
          nicolae_tomb_entry_unfolded_pyramid_orthogonal, hellmonk_scarab_ruin
Depths:1: layout_gridlike, enter_ziggurat_a, serial_shops, shop,
          rand_demon_pan_entry_4, hell_entry,
          nicolae_abyss_entry_one_way_or_another, kennysheep_flooded_box,
          minmay_shop_grid_forest, minmay_crystal_box
Depths:2: minmay_the_grid_square_5x5_5x5 [minmay_the_grid_square_5x5_trominoes,
          minmay_the_grid_square_5x5_shrine1, minmay_the_grid_square_5x5_two,
          minmay_the_grid_square_5x5_hollow_slash,
          minmay_the_grid_square_5x5_shrine2,
          minmay_the_grid_square_5x5_inverted_slash,
          minmay_the_grid_square_5x5_prize_junk,
          minmay_the_grid_square_5x5_doubleslash,
          minmay_the_grid_square_5x5_prize_deathbox,
          minmay_the_grid_square_5x5_n, minmay_the_grid_square_5x5_dogpile,
          minmay_the_grid_square_5x5_moneybag,
          minmay_the_grid_square_5x5_prize_waves,
          minmay_the_grid_square_5x5_spiral_small,
          minmay_the_grid_square_5x5_two_walls_a,
          minmay_the_grid_square_5x5_n_small,
          minmay_the_grid_square_5x5_prize_open,
          minmay_the_grid_square_5x5_corner,
          minmay_the_grid_square_5x5_prize_snowflake,
          minmay_the_grid_square_5x5_minivault, minmay_the_grid_square_5x5_six,
          minmay_the_grid_square_5x5_longway, minmay_the_grid_square_5x5_inset,
          minmay_the_grid_square_5x5_c, minmay_the_grid_square_5x5_one_wall],
          layout_small_grid, lightli_too_deep, rand_demon_pan_entry_7,
          nicolae_wwwww, uniq_vv
Depths:3: kennysheep_large_vault, layout_cave_pools, abyss_entry_glasseish,
          hangedman_coc_ice_floe, grunt_dithmenos_smoke
Depths:4: lemuel_castle_with_subvaults [lemuel_castle_interior_carwin_1],
          layout_basic, pf_hell_entry_great_geh, abyss_entry, minmay_shop_star

Skill      XL: |  1  2  3  4  5  6  7  8  9 10 11 12 13 14 15 16 17 18 19 20 21 22 23 24 25 26 27 |
---------------+----------------------------------------------------------------------------------+-----
Axes           | 4 5 6 7 8 10 13 14 16 18 20 22 24 | 24.7
Throwing       | 2 3 4 6 |  6.0
Fighting       | 7 8 12 13 17 20 22 23 | 23.0
Armour         | 7 10 12 13 18 20 | 20.0
Shields        | 5 13 15 18 20 21 25 27 | 27.0
Dodging        | 1 8 11 12 | 12.0
Evocations     | 7 10 15 | 15.0
Spellcasting   | |  1.1
Fire Magic     | |  3.0

Action                   |  1- 3 |  4- 6 |  7- 9 | 10-12 | 13-15 | 16-18 | 19-21 | 22-24 | 25-27 || total
-------------------------+-------+-------+-------+-------+-------+-------+-------+-------+-------++-------
Melee: Hand axe          |    68 |   169 |   228 |     5 |   102 |     8 |    29 |       |       ||   609
       Unarmed           |       |     9 |       |       |       |       |       |       |       ||     9
       War axe           |       |       |    53 |   374 |  1047 |       |       |       |       ||  1474
       Battleaxe         |       |       |       |       |    50 |  1134 |   981 |   916 |   549 ||  3630
       Lochaber axe      |       |       |       |       |       |       |       |       |   613 ||   613
Throw: Boomerang         |       |       |    13 |    18 |     2 |       |       |       |       ||    33
       Dart              |       |       |       |     4 |     2 |     6 |     1 |       |       ||    13
       Javelin           |       |       |       |     1 |       |       |       |       |       ||     1
Invok: Fiery Armour      |       |       |       |     1 |     1 |       |       |       |       ||     2
       Rising Flame      |       |       |       |       |     1 |       |       |       |       ||     1
 Abil: Dig               |       |     4 |       |     4 |     1 |     7 |       |       |       ||    16
       Shaft Self        |       |       |       |       |       |     4 |     1 |       |     1 ||     6
Evoke: Wand              |       |       |       |     1 |     4 |    23 |    16 |       |       ||    44
       Tin of tremorston |       |       |       |     1 |       |       |     2 |     3 |     1 ||     7
       Lightning rod     |       |       |       |       |       |       |     7 |       |       ||     7
       Condenser vane    |       |       |       |       |       |       |     3 |     3 |       ||     6
       Phial of floods   |       |       |       |       |       |       |       |     1 |       ||     1
  Use: Scroll            |       |     5 |    11 |     8 |    12 |     4 |     5 |     2 |     9 ||    56
       Potion            |       |     1 |       |     2 |     3 |     4 |       |     6 |     2 ||    18
 Stab: Distracted        |       |       |       |       |       |     1 |       |       |       ||     1
Armor: Robe              |     2 |       |       |       |       |       |       |       |       ||     2
       Ring mail         |    15 |       |       |       |       |       |       |       |       ||    15
       Scale mail        |     1 |    88 |   133 |   160 |   347 |       |       |       |       ||   729
       Skin              |       |     4 |       |       |       |       |       |       |       ||     4
       Plate armour      |       |       |       |       |    44 |   113 |       |       |       ||   157
       Gold dragon scale |       |       |       |       |       |   367 |   548 |   342 |   287 ||  1544
       Crystal plate arm |       |       |       |       |       |       |       |       |    56 ||    56
Dodge: Dodged            |    38 |    80 |   140 |   159 |   319 |   149 |   178 |   187 |   168 ||  1418
Block: Tower shield      |       |    17 |       |       |   984 |  1032 |   827 |   757 |   911 ||  4528
       Rpst.: Battleaxe  |       |       |       |       |       |    25 |   274 |   270 |   112 ||   681
       Hand axe          |       |       |       |       |       |       |    12 |       |       ||    12
       Lochaber axe      |       |       |       |       |       |       |       |       |   189 ||   189
